 Dungeon Crawl Stone Soup version 0.30.1-4-g462c640d31 (webtiles) character file.

Game seed: 9290280390258369499

184 ChiefBigBeans the Grave Robber (level 5, 0/35 HPs)
             Began as a Demonspawn Necromancer on Sept 14, 2023.
             Succumbed to an adder's poison
             ... on level 3 of the Dungeon.
             The game lasted 00:07:55 (2558 turns).

ChiefBigBeans the Grave Robber (DsNe)               Turns: 2558, Time: 00:07:56

Health: 0/35       AC:  3    Str:  9    XL:     5   Next: 36%
Magic:  8/9        EV: 12    Int: 18    God:
Gold:   122        SH:  0    Dex: 13    Spells: 6/10 levels left

rFire   . . .        d - +2 quarterstaff (chaos)
rCold   . . .        (shield currently unavailable)
rNeg    . . .        a - +0 robe
rPois   .            (helmet restricted)
rElec   .            c - +0 cloak
rCorr   .            (no gloves)
SInv    .            (no boots)
Will    .....        (no amulet)
Stlth   ++           (no ring)
HPRegen 0.25/turn    (no ring)
MPRegen 0.11/turn

%: no passive effects
@: lethally poisoned (0 -> -8), invisible
A: antennae 1, powered by death 1, demonic magic 2
a: no special abilities


You were on level 3 of the Dungeon.
You visited 1 branch of the dungeon, and saw 3 of its levels.

You collected 176 gold pieces.
You spent 54 gold pieces at shops.

Inventory:

Hand Weapons
 d - a +2 quarterstaff of chaos (weapon)
 e - a +0 spear
Armour
 a - a +0 robe (worn)
 c - a +0 cloak (worn)
 g - a +1 buckler
Jewellery
 h - a +4 ring of protection
 o - a ring of protection from cold
Potions
 b - a potion of magic


   Skills:
 + Level 2.0 Armour
 + Level 2.9 Dodging
 - Level 1.7 Stealth
 + Level 3.1 Spellcasting
 + Level 5.3 Necromancy


You had 6 spell levels left.
You knew the following spells:

 Your Spells              Type           Power      Damage    Failure   Level
a - Necrotise             Necr           88%        1d8       1%          1
b - Vampiric Draining     Necr           22%        2d7       5%          3

Your spell library contained the following spells:

 Spells                   Type           Power      Damage    Failure   Level
 Animate Dead             Necr           22%        N/A       19%         4
 Call Canine Familiar     Summ           2%         N/A       43%         3
 Ozocubu's Armour         Ice            2%         N/A       43%         3
 Portal Projectile        Hex/Tloc       4%         N/A       43%         3
 Agony                    Necr           22%        N/A       45%         5
 Leda's Liquefaction      Hex/Erth       1%         N/A       85%         4
 Ozocubu's Refrigeration  Ice            1%         4d7       100%        7


Dungeon Overview and Level Annotations

Branches:
Dungeon (3/15)

Altars:

Shops:
D:1 *:[(?

Annotations:
D:3 Grinder, Sigmund


Innate Abilities, Weirdness & Mutations

You have a pair of small antennae on your head.
You regenerate a little health from kills.
Spells you cast may paralyse nearby enemies.


Message History

Grinder comes into view.
Sigmund the Dreaded comes into view.
He is wielding a +0 scythe and carrying a wand of roots (8).
Sigmund shouts!
The adder hisses angrily.
You hear a shout!
Sigmund moves out of view.
The adder writhes in agony.
Malevolent energies surge around you. Grinder gestures at you.
You suddenly lose the ability to move!
An orc comes into view. It is wielding a +0 club.
Grinder blinks!
Sigmund zaps a wand.
The roots erupt in riotous growth!
The adder is unaffected.
The grasping roots grab you! The grasping roots constrict you.
A sleepcap comes into view.
You hear an angry hiss.
The adder bites you.
You are poisoned.
The adder poisons you!
Sigmund breathes a few words.
Sigmund's hands start flickering wildly.
The grasping roots constrict you. The adder bites you but does no damage.
You feel sick. The adder bites you.
You are more poisoned.
The adder poisons you! Grinder gestures at you. Pain shoots through your body!
The grasping roots constrict you.
* * * LOW HITPOINT WARNING * * *
You can move again.
The grasping roots release their grip on you.
Okay, then.
As you read the scroll of fog, it crumbles to dust.
The scroll dissolves into smoke.
* * * LOW HITPOINT WARNING * * *
You feel very sick. The adder closely misses you.
Sigmund points at you and mumbles some strange words.
The magic dart hits you.
* * * LOW HITPOINT WARNING * * *
It was a potion of invisibility.
You fade into invisibility!
You die...

###...#....
####...#.... .
#......#.... ..###
#......#....
.o..########......#
##+
#@...............#
#...§§§§.........#
+..§§§§§...#######
#..§S@######
#..5f§# #.....#
........# ....#####
.... #.. #.


You could see Grinder (unable to see you), Sigmund (unable to see you), a
sleepcap (unable to see you), an adder (unable to see you) and an orc (unable to
see you).

Vanquished Creatures
  Crazy Yiuf (D:2)
  Robin (D:2)
  3 gnolls (D:3)
  3 adders (D:2)
  A dart slug (D:2)
  An orc (D:3)
  5 bats
  6 endoplasms
  4 giant cockroaches
  13 goblins
  5 hobgoblins
  12 ball pythons
  3 frilled lizards
  4 kobolds
  3 rats
65 creatures vanquished.

Vanquished Creatures (collateral kills)
  An adder (D:2)
  A gnoll (D:3)
  2 goblins
  A rat (D:1)
5 creatures vanquished.

Grand Total: 70 creatures vanquished

Notes
Turn   | Place    | Note
-------+----------+-------------------------------------------
     0 | D:1      | ChiefBigBeans the Demonspawn Necromancer began the quest
                  | for the Orb.
     0 | D:1      | Reached XP level 1. HP: 13/13 MP: 3/3
   108 | D:1      | Found Aromugaahu's Book Shop.
   217 | D:1      | Gained mutation: Spells you cast may paralyse adjacent
                  | enemies. [demonic ancestry]
   217 | D:1      | Reached XP level 2. HP: 17/19 MP: 1/5
   317 | D:1      | Found Wengownu's Antique Armour Emporium.
   361 | D:1      | Found Losiaxaj's Magic Scroll Emporium.
   418 | D:1      | Found Igrucof's Weapon Emporium.
   599 | D:1      | Found Somalem's General Store.
   602 | D:1      | Bought a +0 buckler for 54 gold pieces
  1284 | D:2      | Reached skill level 1 in Armour
  1284 | D:2      | Gained mutation: You have a pair of small antennae on your
                  | head. [demonic ancestry]
  1284 | D:2      | Reached XP level 3. HP: 24/24 MP: 4/6
  1471 | D:2      | Noticed Robin
  1483 | D:2      | Killed Robin
  1484 | D:2      | Reached skill level 5 in Necromancy
  1484 | D:2      | Gained mutation: You regenerate a little health from kills.
                  | [demonic ancestry]
  1484 | D:2      | Reached XP level 4. HP: 26/30 MP: 0/7
  1576 | D:2      | Learned a level 3 spell: Vampiric Draining
  2168 | D:2      | Learned a level 3 spell: Vampiric Draining
  2199 | D:2      | Found a runed translucent door.
  2200 | D:2      | Noticed Crazy Yiuf
  2308 | D:2      | Killed Crazy Yiuf
  2309 | D:2      | Gained mutation: Spells you cast may paralyse nearby
                  | enemies. [demonic ancestry]
  2309 | D:2      | Reached XP level 5. HP: 35/35 MP: 3/9
  2551 | D:3      | Noticed Grinder
  2552 | D:3      | Noticed Sigmund
  2553 | D:3      | Paralysed by Grinder for 4 turns
  2558 | D:3      | Succumbed to an adder's poison

Illustrated notes

Levels and vault maps discovered:
D:1:      dpeg_arrival_three_bigger_balls, layout_loops_ring, serial_shops,
          shop, nicolae_shop_tiny_real_fake_doors, shop,
          nicolae_shop_tiny_real_fake_doors, nicolae_shop_tiny_waterfront,
          minmay_split_cup_large
D:2:      layout_basic, uniq_crazy_yiuf_cottage, uniq_robin
D:3:      layout_basic, uniq_grinder, uniq_sigmund

Skill      XL: |  1  2  3  4  5 |
---------------+----------------+-----
Dodging        | 2 |  2.9
Armour         | 1 2 |  2.0
Necromancy     | 5 |  5.3
Spellcasting   | 3 |  3.1
Stealth        | |  1.7

Action                     |  1- 3 |  4- 6 || total
---------------------------+-------+-------++-------
  Melee: Spear             |    53 |    36 ||    89
         Quarterstaff      |       |     6 ||     6
   Cast: Necrotise         |    46 |    39 ||    85
    Use: Potion            |     2 |     4 ||     6
         Scroll            |     1 |     6 ||     7
   Stab: Paralysed         |       |     2 ||     2
         Distracted        |       |     1 ||     1
 Armour: Robe              |     9 |     8 ||    17
  Dodge: Dodged            |    19 |    25 ||    44
  Block: Buckler           |     4 |     6 ||    10
